 Dungeon Crawl Stone Soup version 0.27.1-33-g824d729ab1 (webtiles) character file.

Game seed: 14903169549497524491

927 ANNNA the Magician (level 7, 0/36 HPs)
             Began as a Deep Elf Fire Elementalist on Nov 26, 2021.
             Was an Initiate of Vehumet.
             Slain by a centaur (5 damage)
             ... on level 6 of the Dungeon.
             The game lasted 00:16:36 (4982 turns).

ANNNA the Magician (Deep Elf Fire Elementalist)     Turns: 4982, Time: 00:16:38

Health: 0/36       AC:  3    Str:  7    XL:     7   Next: 85%
Magic:  16/20      EV: 13    Int: 23    God:    Vehumet [......]
Gold:   193        SH:  0    Dex: 15    Spells: 5/21 levels left

rFire    . . .     SeeInvis +   h - +1 dagger (freeze)
rCold    . . .     Faith    .   (no shield)
rNeg     . . .     Spirit   .   u - +1 robe of Rosiongi {Int+3}
rPois    .         Reflect  .   p - +0 hat
rElec    .         Harm     .   (no cloak)
rCorr    +         Rampage  .   (no gloves)
Will     .....                  (no boots)
Stlth    ++........             (no amulet)
HPRegen  0.12/turn              g - ring of see invisible
MPRegen  0.17/turn              k - ring of resist corrosion

@: very slightly contaminated
A: no striking features
a: Renounce Religion


You were on level 6 of the Dungeon.
You worshipped Vehumet.
Vehumet was noncommittal.
You visited 2 branches of the dungeon, and saw 9 of its levels.

You collected 193 gold pieces.

Inventory:

Hand Weapons
 h - a +1 dagger of freezing (weapon)
Missiles
 a - a curare-tipped dart
 e - 190 stones
Armour
 p - a +0 hat (worn)
 u - the +1 robe of Rosiongi (worn) {Int+3}
   (You found it on level 4 of the Dungeon)

   Int:       It affects your intelligence (+3).
Jewellery
 f - a ring of protection from fire
 g - a ring of see invisible (left hand)
 k - a ring of resist corrosion (right hand)
Wands
 j - a wand of paralysis (26)
Scrolls
 b - 2 scrolls of fear {unknown}
 d - a scroll of immolation {unknown}
 i - 3 scrolls of teleportation {unknown}
 m - 5 scrolls of identify {unknown}
 o - a scroll of enchant weapon {unknown}
 q - 2 scrolls of noise {unknown}
 r - a scroll of amnesia {unknown}
 s - a scroll of vulnerability {unknown}
 v - a scroll of fog {unknown}
Potions
 c - a potion of magic {unknown}
 l - a potion of degeneration {unknown}
 n - 4 potions of curing {unknown}
 t - a potion of cancellation {unknown}
 w - a potion of berserk rage {unknown}


   Skills:
 + Level 0.3 Fighting
 + Level 0.3 Short Blades
 + Level 3.0 Dodging
 + Level 3.6 Stealth
 + Level 7.8 Spellcasting
 + Level 4.2 Conjurations
 + Level 1.6 Hexes
 + Level 6.4 Fire Magic


You had 5 spell levels left.
You knew the following spells:

 Your Spells              Type           Power      Damage    Failure   Level
a - Foxfire               Conj/Fire      100%       2x1d9     1%          1
b - Conjure Flame         Conj/Fire      33%        6-21      2%          3
c - Inner Flame           Hex/Fire       27%        N/A       4%          3
d - Sticky Flame          Conj/Fire      33%        2d5       8%          4
e - Fireball              Conj/Fire      16%        3d8       22%         5

Your spell library contained the following spells:

 Spells                   Type           Power      Damage    Failure   Level
 Portal Projectile        Hex/Tloc       24%        N/A       16%         3
 Call Canine Familiar     Summ           8%         N/A       22%         3
 Leda's Liquefaction      Hex/Erth       6%         N/A       45%         4


Dungeon Overview and Level Annotations

Branches:
Dungeon (8/15)             Temple (1/1) D:4
   Lair: D:8-11

Altars:
Ashenzari
Cheibriados
Elyvilon
Fedhas
Gozag
Hepliaklqana
Kikubaaqudgha
Makhleb
Qazlal
Sif Muna
Trog
Vehumet
Xom
Yredelemnul
Zin
The Shining One


Message History

The centaur shouts!
The centaur barely resists.
The centaur wields a +0 shortbow.
The centaur shoots an arrow.
The arrow hits you!
* * * LOW HITPOINT WARNING * * *
Casting: Inner Flame (dangerous; 4% risk of failure)
Confirm with . or Enter, or press ? or * to list all spells.
You miscast Foxfire.
You are very lightly contaminated with residual magic.
Nothing appears to happen.
The centaur shoots an arrow.
The arrow hits you.
* * * LOW HITPOINT WARNING * * *
Casting: Foxfire (safe; 1% risk of failure)
Confirm with . or Enter, or press ? or * to list all spells.
You conjure some foxfire!
The foxfire hits the centaur.
The centaur is lightly wounded.
You hit the centaur. You freeze the centaur.
The centaur is moderately wounded.
You hit the centaur. You freeze the centaur.
The centaur is moderately wounded.
The centaur unwields a +0 shortbow.
The centaur closely misses you. x2
The centaur hits you but does no damage.
The centaur kicks you.
* * * LOW HITPOINT WARNING * * *
Casting: Foxfire (safe; 1% risk of failure)
Confirm with . or Enter, or press ? or * to list all spells.
There is not enough space to conjure foxfire!
You hit the centaur. You freeze the centaur.
The centaur is heavily wounded.
The centaur hits you but does no damage.
The centaur closely misses you.
Casting: Foxfire (safe; 1% risk of failure)
Confirm with . or Enter, or press ? or * to list all spells.
There is not enough space to conjure foxfire!
You hit the centaur but do no damage.
The centaur is heavily wounded.
The centaur hits you.
* * * LOW HITPOINT WARNING * * *
The centaur kicks you.
* * * LOW HITPOINT WARNING * * *
The centaur hits you.
You die...

###
#########.....
#....v@c$.#
#.#########


You could see a centaur (ally target).

Vanquished Creatures
  A water moccasin (D:7)
  A necrophage (D:7)
  A kobold brigand (D:4)
  2 centaur zombies
  4 hounds
  A bullfrog skeleton (D:5)
  Jessica (D:2)
  2 centaur skeletons
  Natasha (thrice) (D:2)
  3 iguanas
  An orc wizard (D:3)
  3 gnolls (D:4)
  6 adders
  2 adder skeletons (D:4)
  3 worms
  7 dart slugs
  8 orcs
  8 ball pythons
  3 bats
  10 endoplasms
  3 giant cockroaches
  11 hobgoblins
  2 jackals (D:3)
  11 kobolds
  3 quokkas
  3 frilled lizards
  7 goblins
  8 rats
118 creatures vanquished.

Vanquished Creatures (others)
  334 foxfires
  38 plants (D:7)
372 creatures vanquished.

Grand Total: 490 creatures vanquished

Notes
Turn   | Place    | Note
-------+----------+-------------------------------------------
     0 | D:1      | ANNNA the Deep Elf Fire Elementalist began the quest for
                  | the Orb.
     0 | D:1      | Reached XP level 1. HP: 10/10 MP: 6/6
   122 | D:1      | Reached XP level 2. HP: 15/15 MP: 4/8
   733 | D:1      | Reached XP level 3. HP: 15/19 MP: 6/9
   741 | D:1      | Learned a level 3 spell: Conjure Flame
   745 | D:1      | Learned a level 3 spell: Inner Flame
  1570 | D:2      | Reached XP level 4. HP: 24/24 MP: 6/11
  1689 | D:2      | Noticed Jessica
  1696 | D:2      | Killed Jessica
  1697 | D:2      | Reached skill level 4 in Spellcasting
  1838 | D:2      | Noticed Natasha
  1841 | D:2      | Killed Natasha
  1842 | D:2      | Reached skill level 1 in Hexes
  1919 | D:2      | Noticed Natasha
  1922 | D:2      | Killed Natasha
  1923 | D:2      | Reached XP level 5. HP: 23/28 MP: 8/13
  1928 | D:2      | Learned a level 4 spell: Sticky Flame
  2031 | D:2      | Noticed Natasha
  2036 | D:2      | Killed Natasha
  2062 | D:3      | Found a faded altar of an unknown god.
  2776 | D:3      | Reached skill level 5 in Spellcasting
  2776 | D:3      | Reached skill level 5 in Fire Magic
  2958 | D:4      | Reached XP level 6. HP: 25/32 MP: 12/15
  3159 | D:4      | Identified the +1 robe of Rosiongi {Int+3}
  3198 | D:4      | Reached skill level 6 in Spellcasting
  3474 | D:4      | Reached XP level 7. HP: 3/36 MP: 14/18
  3844 | D:4      | Found a staircase to the Ecumenical Temple.
  3925 | Temple   | Entered the Ecumenical Temple
  3948 | Temple   | Became a worshipper of Vehumet
  4126 | D:4      | Learned a level 5 spell: Fireball
  4271 | D:5      | Entered Level 5 of the Dungeon
  4454 | D:5      | Reached skill level 7 in Spellcasting
  4673 | D:5      | You fall into a shaft and drop 3 floors!
  4693 | D:8      | Noticed a yak
  4982 | D:6      | Slain by a centaur

Illustrated notes

Levels and vault maps discovered:
D:1:      lordsloth_arrival_two_stooges, layout_loops_ring, minmay_liquid_box
D:2:      layout_rooms, uniq_jessica, uniq_natasha
D:3:      layout_rooms, serial_curves, eino_curves_01, eino_curves_01,
          chequers_ecumenical_altar_simple, minmay_close_crescents
D:4:      layout_cave_pools, minmay_temple_entry_hall, minmay_misc_feat_hallway
D:5:      layout_basic, kennysheep_generic_room_3
D:6:      layout_loops_ring, portal_sewer_entry_d, uniq_grinder
D:7:      wander_river, layout_loops_ring, lemuel_coloured_pillars_altar,
          serial_bayou_lagoon_a, uniq_crazy_yiuf_cottage, uniq_joseph
D:8:      layout_rooms
Temple:   regret_index_temple_sphere_string

Skill      XL: |  1  2  3  4  5  6  7 |
---------------+----------------------+-----
Fire Magic     | 4 5 6 |  6.4
Stealth        | 3 |  3.6
Conjurations   | 2 3 4 |  4.2
Spellcasting   | 4 5 6 7 |  7.8
Hexes          | 1 |  1.6
Dodging        | 3 |  3.0
Fighting       | |  0.3
Short Blades   | |  0.3

Action                   |  1- 3 |  4- 6 |  7- 9 || total
-------------------------+-------+-------+-------++-------
Melee: Unarmed           |     2 |       |       ||     2
       Dagger            |    10 |     3 |     5 ||    18
 Cast: Foxfire           |    65 |    96 |    46 ||   207
       Inner Flame       |     3 |     6 |     1 ||    10
       Conjure Flame     |     1 |       |       ||     1
  Use: Potion            |       |     1 |     1 ||     2
 Stab: Sleeping          |     1 |       |       ||     1
Armor: Robe              |     6 |     3 |     8 ||    17
Dodge: Dodged            |    19 |    10 |    28 ||    57
